 Dungeon Crawl Stone Soup version 0.30-a0-137-gd8773701ce (webtiles) character file.

Game seed: 964087474916115811

534 lunkers the Digger (level 7, -5/50 HPs)
             Began as a Meteoran Earth Elementalist on Sept 24, 2022.
             Was a Follower of Sif Muna.
             Killed from afar by an orc wizard (9 damage)
             ... with a puff of flame
             ... on level 5 of the Dungeon.
             The game lasted 00:04:34 (733 turns).

lunkers the Digger (Meteoran Earth Elementalist)     Turns: 733, Time: 00:04:35

Health: -5/50      AC:  2    Str: 15    XL:     7   Next: 79%
Magic:  2/24       EV: 12    Int: 19    God:    Sif Muna [*.....]
Gold:   105        SH:  0    Dex: 15    Spells: 5/15 levels left

rFire   . . .      SeeInvis .    i - +4 dire flail (venom)
rCold   . . .      Faith    .    (shield currently unavailable)
rNeg    . . .      Spirit   .    a - +0 robe
rPois   .          Reflect  .    (no helmet)
rElec   .          Harm     .    (no cloak)
rCorr   .          Rampage  .    (no gloves)
Will    .....                    (no boots)
Stlth   +.........               (no amulet)
HPRegen 0.16/turn                c - +6 ring of strength
MPRegen 0.19/turn                d - ring of magical power

@: very slightly contaminated, glowing
A: sense surroundings 1, otherworldly, glowing, explore regen
a: Renounce Religion, Channel Magic


You were on level 5 of the Dungeon.
You worshipped Sif Muna.
Sif Muna was aware of your devotion.
You visited 2 branches of the dungeon, and saw 6 of its levels.

You collected 105 gold pieces.

Inventory:

Hand Weapons
 i - a +4 dire flail of venom (weapon)
Armour
 a - a +0 robe (worn)
Jewellery
 c - a +6 ring of strength (left hand)
 d - a ring of magical power (right hand)
Wands
 n - a wand of polymorph (5)
Scrolls
 f - a scroll of summoning {unknown}
 g - 2 scrolls of identify {unknown}
 j - a scroll of blinking {unknown}
 k - a scroll of teleportation {unknown}
 m - a scroll of amnesia {unknown}
Potions
 b - a potion of magic
 e - a potion of curing {unknown}
 h - 2 potions of brilliance {unknown}
 l - a potion of might {unknown}


   Skills:
 - Level 2.4 Dodging
 - Level 1.4 Stealth
 + Level 4.8 Spellcasting
 * Level 5.0 Conjurations
 - Level 1.2 Transmutations
 * Level 6.9 Earth Magic


You had 5 spell levels left.
You knew the following spells:

 Your Spells              Type           Power      Damage    Failure   Level
a - Sandblast             Erth           62%        2d14      1%          1
b - Passwall              Tmut/Erth      16%        N/A       3%          2
c - Stone Arrow           Conj/Erth      54%        3d10      3%          3
d - Petrify               Tmut/Erth      20%        N/A       24%         4

Your spell library contained the following spells:

 Spells                   Type           Power      Damage    Failure   Level


Dungeon Overview and Level Annotations

Branches:
Dungeon (5/15) Zot: 2319   Temple (1/1) D:4 Zot: 514

Altars:
Cheibriados
Dithmenos
Elyvilon
Fedhas
Hepliaklqana
Kikubaaqudgha
Okawaru
Qazlal
Sif Muna
Vehumet
Yredelemnul

Shops:
D:1 =

Annotations:
D:4 4 runed translucent doors


Innate Abilities, Weirdness & Mutations

You passively map a small area around you.
You are easily found by Zot.
You glow in the dark.
You regain HP and MP as you explore.


Message History

* * * LOW MAGIC WARNING * * *
Something hits you but does no damage. The orc misses you.
Unknown command.
Casting: Stone Arrow (dangerous; 3% risk of failure)
Confirm with . or Enter, or press ? or * to list all spells.
Aiming: Stone Arrow (dangerous; 3% risk of failure)
Press: ? - help, Shift-Dir - straight line, f - orc
Aim: an orc, wielding a +0 club (71% to hit)
The stone arrow hits the orc!!
You kill the orc!
Sif Muna accepts your kill.
* * * LOW MAGIC WARNING * * *
Something hits you.
* * * LOW HITPOINT WARNING * * *
Casting: Stone Arrow (dangerous; 3% risk of failure)
Confirm with . or Enter, or press ? or * to list all spells.
Aiming: Sandblast (safe; 1% risk of failure)
Press: ? - help, Shift-Dir - straight line The blast of sand hits something.
* * * LOW MAGIC WARNING * * *
Something hits you but does no damage.
Casting: Sandblast (safe; 1% risk of failure)
Confirm with . or Enter, or press ? or * to list all spells.
Aiming: Sandblast (safe; 1% risk of failure)
Press: ? - help, Shift-Dir - straight line You miscast Sandblast.
You are very lightly contaminated with residual magic.
Nothing appears to happen.
* * * LOW MAGIC WARNING * * *
Something hits you but does no damage.
Casting: Sandblast (safe; 1% risk of failure)
Confirm with . or Enter, or press ? or * to list all spells.
Aiming: Sandblast (safe; 1% risk of failure)
Press: ? - help, Shift-Dir - straight line
* * * LOW MAGIC WARNING * * *
You hear the slow rusting of a distant drain.
You hear some strange, mumbled words.
A puff of flame appears from out of thin air!
The puff of flame hits you!
You die...

*#...###...... *
#..#....#.#.....## ,
..#.......#......#
...................#
...............)..# ,
..................#
....###..........## ,
,
........{....<....#..
......).)@...........
,
...?.).)))...).......
*
,....(.)....#.......##
*
.#.....)..##.........
, #.......####.......#
, ........## #..######
, ......>## #### *
.###### * ,


There were no monsters in sight!

Vanquished Creatures
  Edmund (D:4)
  An ogre (D:5)
  Blork the orc (D:4)
  A howler monkey (D:4)
  An orc priest (D:5)
  4 orc wizards
  Ijyb (D:5)
  An adder (D:4)
  An ufetubus (D:4)
  A worm (D:4)
  A dart slug (D:1)
  9 orcs
  2 endoplasms
  A giant cockroach (D:4)
  3 goblins
  2 hobgoblins
  4 jackals (D:1)
  2 quokkas
  5 ball pythons
  2 bats
  5 frilled lizards
  4 kobolds
  2 rats (D:1)
55 creatures vanquished.

Notes
Turn   | Place    | Note
-------+----------+-------------------------------------------
     0 | D:1      | lunkers the Meteoran Earth Elementalist began the quest for
                  | the Orb.
     0 | D:1      | Reached XP level 1. HP: 14/14 MP: 5/5
    38 | D:1      | Reached XP level 2. HP: 16/20 MP: 2/6
    65 | D:1      | Reached skill level 4 in Earth Magic
   133 | D:1      | Reached XP level 3. HP: 26/26 MP: 8/8
   136 | D:1      | Learned a level 2 spell: Passwall
   140 | D:1      | Learned a level 3 spell: Stone Arrow
   172 | D:2      | Found a faded altar of an unknown god.
   172 | D:2      | Found a blossoming altar of Fedhas.
   193 | D:1      | Found Rofekir's Jewellery Shop.
   302 | D:3      | Reached skill level 1 in Conjurations
   381 | D:4      | Found a staircase to the Ecumenical Temple.
   390 | Temple   | Entered the Ecumenical Temple
   459 | Temple   | Became a worshipper of Sif Muna the Loreminder
   548 | D:4      | Reached XP level 4. HP: 27/33 MP: 10/10
   555 | D:4      | Found a large runed translucent door.
   555 | D:4      | Found a large runed translucent door.
   555 | D:4      | Noticed Blork the orc
   559 | D:4      | Killed Blork the orc
   560 | D:4      | Reached skill level 5 in Earth Magic
   560 | D:4      | Reached XP level 5. HP: 27/38 MP: 7/11
   561 | D:4      | Noticed a water moccasin
   561 | D:4      | Noticed a water moccasin
   562 | D:4      | Found a large runed translucent door.
   562 | D:4      | Found a large runed translucent door.
   583 | D:4      | Learned a level 4 spell: Petrify
   599 | D:4      | Noticed Edmund
   605 | D:4      | Killed Edmund
   606 | D:4      | Reached skill level 6 in Earth Magic
   606 | D:4      | Reached XP level 6. HP: 45/45 MP: 6/13
   648 | D:4      | Reached XP level 7. HP: 44/50 MP: 14/14
   688 | D:5      | Entered Level 5 of the Dungeon
   688 | D:5      | Noticed Ijyb
   692 | D:5      | Killed Ijyb
   717 | D:5      | Reached * piety under Sif Muna
   719 | D:5      | Reached skill level 5 in Conjurations
   733 | D:5      | Killed from afar by an orc wizard

Illustrated notes

Levels and vault maps discovered:
D:1:      erik_arrival_triangle_small, layout_rooms, serial_shops,
          nicolae_shop_stone
D:2:      layout_rooms, basic_ecumenical_altar, basic_altar
D:3:      layout_loops_cross
D:4:      layout_loops_ring, minmay_temple_entry_gardened_gates,
          minmay_hollow_rounded_squares, uniq_edmund, uniq_blork_the_orc
D:5:      layout_cave_pools, gup_sewer_entry_spiral, serial_shops,
          nicolae_shop_waterfront, nicolae_shop_bloodbath_and_beyond, uniq_ijyb,
          uniq_menkaure, uniq_prince_ribbit1, uniq_grinder
Temple:   bh_familiar_temple

Skill      XL: |  1  2  3  4  5  6  7 |
---------------+----------------------+-----
Earth Magic    | 4 5 6 |  6.9
Spellcasting   | 3 4 |  4.8
Conjurations   | 1 2 3 4 5 |  5.0
Dodging        | |  2.4
Stealth        | |  1.4
Transmutations | |  1.2

Action                   |  1- 3 |  4- 6 |  7- 9 || total
-------------------------+-------+-------+-------++-------
Melee: Unarmed           |     6 |       |       ||     6
       Dire flail        |       |       |     6 ||     6
 Cast: Sandblast         |    42 |     9 |    15 ||    66
       Stone Arrow       |       |     9 |    16 ||    25
  Use: Potion            |       |       |     1 ||     1
Armor: Robe              |     4 |       |     6 ||    10
Dodge: Dodged            |     9 |     4 |    16 ||    29

Table legend: (Time is in decaauts)
 A = Elapsed time spent in this place.
 B = Non-inter-level travel time spent in this place.
 C = Inter-level travel time spent in this place.
 D = Time resting spent in this place.
 E = Time spent auto-exploring this place.
 F = Levels seen in this place.
 G = Mean time per level.
                   A        B        C        D        E       F      G
               +--------+--------+--------+--------+--------+-----+--------+
         Total |    765 |    748 |     17 |      0 |     75 |   6 |  127.5 |
       Dungeon |    679 |    678 |      1 |      0 |     75 |   5 |  135.8 |
        Temple |     85 |     69 |     16 |      0 |      0 |   1 |   85.0 |
               +--------+--------+--------+--------+--------+-----+--------+

Top non-repeatable levels by time:
     D:4: 290 daAuts
     D:1: 220 daAuts
  Temple: 85 daAuts
     D:2: 67 daAuts
     D:3: 52 daAuts
     D:5: 49 daAuts
